 Dungeon Crawl Stone Soup version 0.24-a0-769-g368c1644f8 (webtiles) character file.

Game seed: 10779665978328786262, levelgen mode: deterministic

6642 1994 the Jinx (level 10, 49/49 HPs)
             Began as a Felid Enchanter on Oct 5, 2019.
             Was a Priest of Wu Jian.
             Quit the game on level 1 of the Lair of Beasts.
             The game lasted 01:20:06 (19669 turns).

1994 the Jinx (Felid Enchanter)                    Turns: 19669, Time: 01:20:06

Health: 49/49      AC:  2    Str:  4    XL:     10   Next: 72%
Magic:  29/29      EV: 25    Int: 19    God:    Wu Jian [***...]
Gold:   565        SH:  0    Dex: 18    Spells: 11/22 levels left
                                        Lives:  1   Deaths: 2

rFire    + . .     SeeInvis +     - Unarmed
rCold    . . .     Gourm    .   (shield unavailable)
rNeg     . . .     Faith    .   (armour unavailable)
rPois    .         Spirit   .   (helmet unavailable)
rElec    .         Reflect  .   (cloak unavailable)
rCorr    .         Harm     .   (gloves unavailable)
MR       +....                  (boots unavailable)
Stlth    +++++.....             D - amulet of the acrobat
HPRegen  0.16/turn              j - ring of magical power
MPRegen  0.21/turn              I - ring of protection from fire

@: quick
A: very small, no armour, no weapons or thrown items, stealth, claws 1, fangs 3,
see invisible, carnivore, speed 1, shaggy fur 2, slow metabolism 1, sharp paws
a: Wall Jump, Serpent's Lash, Renounce Religion


You were on level 1 of the Lair of Beasts.
You worshipped Wu Jian.
Wu Jian was most pleased with you.
You were not hungry.

You visited 3 branches of the dungeon, and saw 15 of its levels.
You also visited: Sewer.

You collected 618 gold pieces.
You spent 53 gold pieces at shops.

Inventory:

Jewellery
 e - a +3 amulet of reflection
 j - a ring of magical power (left paw)
 t - an uncursed ring of wizardry
 y - the ring of Tension {*Tele rF+, unknown}
   (You found it on level 1 of the Lair of Beasts)

   [ring of teleportation]

   It may teleport you next to monsters.
   It protects you from fire.
 D - an amulet of the acrobat (around neck)
 F - an uncursed ring of protection from fire
 I - a ring of protection from fire (right paw)
Wands
 i - a wand of flame (29)
 A - a wand of random effects (14)
 H - a wand of iceblast (11)
Scrolls
 c - 6 scrolls of teleportation
 d - 6 scrolls of blinking
 h - a scroll of fear
 k - 4 scrolls of fog
 n - a scroll of magic mapping
 o - 3 scrolls of remove curse
 q - 2 scrolls of immolation
 s - a scroll of amnesia
 C - a scroll of enchant weapon {unknown}
 E - a scroll of vulnerability {unknown}
 G - a scroll of random uselessness {unknown}
Potions
 a - 6 potions of curing
 f - a potion of ambrosia
 g - 2 potions of agility
 l - 2 potions of flight
 m - 2 potions of haste
 p - 2 potions of magic
 r - 6 potions of heal wounds
 u - 2 potions of lignification
 v - a potion of brilliance {unknown}
 w - a potion of resistance {unknown}
 x - 2 potions of invisibility
 z - 2 potions of berserk rage
 B - a potion of cancellation {unknown}
Comestibles
 b - 25 rations
 J - 2 chunks of flesh


   Skills:
 * Level 9.5 Fighting
 + Level 9.1 Dodging
 + Level 10.3 Stealth
 * Level 9.7 Unarmed Combat
 + Level 6.5 Spellcasting
 - Level 1.5 Conjurations
 + Level 10.3 Hexes


You had 11 spell levels left.
You knew the following spells:

 Your Spells              Type           Power        Failure   Level  Hunger
b - Ensorcelled Hibernat  Hex/Ice        ####..       1%          2    None
c - Confuse               Hex            #####...     1%          3    ##.....
d - Tukima's Dance        Hex            #####...     1%          3    ##.....
e - Dazzling Spray        Conj/Hex       ####..       2%          3    ##.....

Your spell library contained the following spells:

 Spells                   Type           Power        Failure   Level  Hunger
 Corona                   Hex            #####..      1%          1    None
 Beastly Appendage        Tmut           #.....       11%         1    None
 Sticks to Snakes         Tmut           #.......     16%         2    None
 Spider Form              Tmut/Pois      #.........   32%         3    ##.....
 Ice Form                 Ice/Tmut       #.......     71%         4    ####...
 Blade Hands              Tmut           #.........   96%         5    #####..


Dungeon Overview and Level Annotations

Branches:
Dungeon (13/15)            Temple (1/1) D:7            Lair (1/6) D:8
    Orc (0/2) D:11          Sewer (visited)
 Vaults: D:13-14

Altars:
Ashenzari
Cheibriados
Dithmenos
Elyvilon
Fedhas
Gozag
Hepliaklqana
Kikubaaqudgha
Makhleb
Nemelex Xobeh
Okawaru
Qazlal
Ru
Sif Muna
Trog
Uskayaw
Vehumet
Wu Jian
Xom
Yredelemnul
Zin
The Shining One

Shops:
D:5 }   D:6 *   D:11 [

Annotations:
D:10 3 runed translucent doors, exclusions: 3 doors and killer bee, losten's ghost, novice DsBe


Innate Abilities, Weirdness & Mutations

You cannot wear armour.
You are incapable of wielding weapons or throwing items.
Your paws allow you to move quietly. (Stealth)
You have sharp claws.
You have razor-sharp teeth.
You have supernaturally acute eyesight. (SInv)
You are carnivorous and can eat meat at any time.
You cover ground quickly.
You are covered in thick fur. (AC +2)
You have a slow metabolism.
Your sharp claws are effective at attacking unaware monsters.


Message History

Unknown command.
Unknown command.
Unknown command.
Unknown command.
The blink frog hits you!
* * * LOW HITPOINT WARNING * * *
The blink frog blinks!
Casting: Ensorcelled Hibernation (safe; 1% risk of failure)
Confirm with . or Enter, or press ? or * to list all spells.
Aiming: Confuse (safe; 1% risk of failure)
Press: ? - help, Shift-Dir - straight line, f - blink frog
Aim: a blink frog (chance to defeat MR: 52%)
The blink frog resists with significant effort.
The blink frog hits you!
You die...
You are now level 10!
You rejoin the land of the living...
Unknown command.
Unknown command.
Are you sure you want to abandon this character and quit the game? (Confirm with "yes".)

..[.# ..#
....###..# ##.
..#
##........##..
..# .
##รท............
..###..
#......... ....
.......
##........
...##.....
..........
#......#
.#........
#.....##
..........
#..@...#
.#........
##.###.#
....#....# ##
....#.....
..........#.
$...........
....#.(.....
.....#...#.#
.##.........


There were no monsters in sight!

Vanquished Creatures
  Harold (D:8)
  A hydra (D:11)
  A two-headed ogre (D:9)
  The ghost of topfpfpflanze the Skirmisher, a novice MiMo of the Shining One (D:7)
  An orc knight (D:11)
  A cyclops (D:11)
  2 spiny frogs (Lair:1)
  Joseph (D:8)
  2 trolls
  A blink frog (D:8)
  3 hippogriffs
  2 dancing weapons (D:11)
  2 wyverns
  A basilisk (D:13)
  Eustachio (D:5)
  A hungry ghost (D:9)
  A steam dragon (D:11)
  Edmund (D:6)
  2 water moccasins (Lair:1)
  3 wargs (D:8)
  A porcupine (Lair:1)
  5 orc warriors
  Purgy (Sewer)
  3 slaves
  5 ice beasts
  4 black bears
  2 phantoms
  4 ogres
  3 centaurs
  2 crocodiles
  A big kobold (D:7)
  9 bullfrogs
  A gnoll sergeant (D:9)
  A scorpion (D:6)
  A killer bee (D:10)
  6 wights
  A howler monkey (D:8)
  5 crimson imps
  A bullfrog zombie (D:10)
  2 hounds
  A quasit (D:6)
  3 centaur zombies
  A jelly (D:4)
  7 orc priests
  8 orc wizards
  An iron imp (D:7)
  Natasha (thrice) (D:3)
  2 bullfrog skeletons
  3 iguanas
  8 worker ants
  Terence (D:3)
  A killer bee zombie (D:8)
  2 hound zombies
  A hound skeleton (D:7)
  A worker ant zombie (D:6)
  Robin (D:4)
  8 gnolls
  2 howler monkey skeletons
  12 adders
  A river rat (D:6)
  2 shadow imps
  2 oozes
  An adder skeleton (D:4)
  2 adder zombies (D:9)
  6 worms
  5 leopard geckos
  55 orcs
  3 ball pythons
  10 bats
  7 giant cockroaches
  15 goblins
  9 hobgoblins
  3 jackals
  2 quokkas
  9 frilled lizards
  A jackal skeleton (D:4)
  16 kobolds
  2 quokka skeletons
  A quokka zombie (D:8)
  7 rats
312 creatures vanquished.

Vanquished Creatures (collateral kills)
  Pikel (D:8)
  An orc warrior (D:7)
  A slave (D:8)
  6 wights
  A worker ant (D:8)
  2 orc wizards
  5 gnolls
  3 orcs
20 creatures vanquished.

Vanquished Creatures (others)
  2 dancing weapons
  2 fungi (Lair:1)
  6 plants
10 creatures vanquished.

Grand Total: 342 creatures vanquished

Notes
Turn   | Place    | Note
-------+----------+-------------------------------------------
     0 | D:1      | 1994 the Felid Enchanter began the quest for the Orb.
     0 | D:1      | Reached XP level 1. HP: 7/7 MP: 4/4
   211 | D:1      | Reached XP level 2. HP: 12/12 MP: 4/6
   218 | D:1      | Learned a level 2 spell: Ensorcelled Hibernation
   751 | D:1      | Reached skill level 1 in Fighting
  1873 | D:2      | Reached XP level 3. HP: 15/15 MP: 7/7
  2285 | D:2      | Learned a level 3 spell: Confuse
  2890 | D:2      | Reached XP level 4. HP: 19/19 MP: 3/8
  4123 | D:3      | Noticed Terence
  4134 | D:3      | Killed Terence
  4254 | D:3      | Reached XP level 5. HP: 7/23 MP: 1/9
  4604 | D:3      | Noticed Natasha
  4664 | D:3      | Killed Natasha
  4664 | D:3      | Reached skill level 5 in Hexes
  4920 | D:3      | Noticed Natasha
  4933 | D:3      | Killed Natasha
  4947 | D:3      | Noticed Natasha
  4970 | D:3      | Killed from afar by Natasha
  4971 | D:3      | Reached XP level 4. HP: -2/20 MP: 1/9
  5010 | D:3      | Killed Natasha
  5010 | D:3      | Reached XP level 5. HP: 24/24 MP: 1/10
  5192 | D:3      | Reached skill level 5 in Stealth
  5570 | D:4      | Noticed a phantom
  5785 | D:4      | Noticed Robin
  6170 | D:4      | Gained mutation: You are covered in thick fur. (AC +2)
                  | [Felid growth]
  6170 | D:4      | Reached XP level 6. HP: 28/28 MP: 8/11
  6232 | D:4      | Learned a level 3 spell: Tukima's Dance
  7294 | D:4      | Reached XP level 7. HP: 30/31 MP: 3/12
  7368 | D:4      | Learned a level 3 spell: Dazzling Spray
  7413 | D:4      | Killed Robin
  7764 | D:5      | Entered Level 5 of the Dungeon
  7773 | D:5      | Found Tit Feir's Gadget Shoppe.
  7786 | D:5      | Noticed Eustachio
  8885 | D:5      | Killed Eustachio
  8885 | D:5      | Reached skill level 1 in Conjurations
  9049 | D:6      | Reached XP level 8. HP: 36/36 MP: 14/14
  9062 | D:6      | Reached skill level 5 in Dodging
  9159 | D:6      | Noticed Edmund
  9174 | D:6      | Killed Edmund
  9223 | D:6      | Reached skill level 5 in Unarmed Combat
  9303 | D:6      | Reached skill level 5 in Fighting
  9707 | D:6      | Found a glowing drain.
  9711 | Sewer    | Entered a sewer
  9908 | Sewer    | Noticed Purgy
  9912 | Sewer    | Killed Purgy
 10244 | D:6      | Found Peloitid's Assorted Antiques.
 10352 | D:6      | Bought a sedimented orange potion for 25 gold pieces
 10352 | D:6      | Bought a scroll labeled TASCHY ILOEKH for 28 gold pieces
 10773 | D:7      | Reached XP level 9. HP: 41/41 MP: 16/16
 10779 | D:7      | Found a snail-covered altar of Cheibriados.
 11052 | D:7      | Found a white marble altar of Elyvilon.
 11362 | D:7      | Found a large runed translucent door.
 11362 | D:7      | Found a large runed translucent door.
 11363 | D:7      | Noticed topfpfpflanze's ghost (novice MiMo)
 11935 | D:7      | Found a staircase to the Ecumenical Temple.
 11941 | Temple   | Entered the Ecumenical Temple
 12176 | Temple   | Became a worshipper of the Wu Jian Council
 12496 | D:7      | HP: 1/41 [wyvern (15)]
 12872 | D:8      | Noticed Pikel
 12885 | D:8      | Killed Pikel
 13004 | D:8      | Noticed Joseph
 13177 | D:8      | Noticed Harold
 13818 | D:9      | Reached skill level 5 in Spellcasting
 13963 | D:9      | Noticed a troll
 13989 | D:9      | Killed a troll
 14065 | D:9      | Noticed a two-headed ogre
 14087 | D:9      | Killed a two-headed ogre
 14087 | D:9      | Reached XP level 10. HP: 47/47 MP: 18/18
 14331 | D:9      | Reached * piety under Wu Jian
 14503 | D:9      | You fall into a shaft and drop 2 floors!
 14504 | D:11     | Noticed a cyclops
 14508 | D:11     | Killed a cyclops
 14811 | D:10     | Entered Level 10 of the Dungeon
 15716 | D:10     | Found a runed translucent gate.
 15734 | D:10     | Found a runed translucent gate.
 15734 | D:10     | Noticed losten's ghost (novice DsBe)
 15735 | D:10     | Found a runed translucent gate.
 15736 | D:10     | Noticed a nine-headed hydra
 15736 | D:10     | Noticed an 11-headed hydra
 16074 | D:11     | Reached ** piety under Wu Jian
 16115 | D:11     | You fall into a shaft and drop 2 floors!
 16116 | D:13     | Noticed a deep elf mage
 16144 | D:11     | Found Cyukececs's Antique Armour Emporium.
 16404 | D:11     | Noticed a four-headed hydra
 16408 | D:11     | Noticed an orc knight
 16426 | D:11     | Killed an orc knight
 16426 | D:11     | Reached XP level 11. HP: 48/52 MP: 15/20
 16432 | D:11     | Killed a four-headed hydra
 17208 | D:11     | Found a staircase to the Orcish Mines.
 17511 | D:8      | Reached *** piety under Wu Jian
 17524 | D:8      | Killed Harold
 17984 | D:8      | Found a staircase to the Lair.
 18056 | D:8      | Killed Joseph
 18056 | D:8      | Reached skill level 10 in Stealth
 18056 | D:8      | Reached skill level 10 in Hexes
 18413 | D:7      | Killed topfpfpflanze's ghost
 18632 | Lair:1   | Entered Level 1 of the Lair of Beasts
 18677 | Lair:1   | Got a faintly glowing copper ring
 19256 | Lair:1   | Noticed a six-headed hydra
 19668 | Lair:1   | Mangled by a blink frog
 19669 | Lair:1   | Reached XP level 10. HP: -8/49 MP: 27/29
 19669 | Lair:1   | Quit the game

Levels and vault maps discovered:
D:1:      lightli_arrival_statue_moat, layout_basic, minmay_misc_feat_square
D:2:      layout_loops_ring, kennysheep_big_empty_room, serial_park_tiny_pond
D:3:      layout_loops_corners, first_ration, uniq_natasha, uniq_terence
D:4:      layout_basic, uniq_robin
D:5:      layout_basic, serial_shops, nicolae_shop_trees, uniq_eustachio
D:6:      layout_basic, serial_shops, shop_coins, gup_sewer_entry_spiral,
          uniq_edmund
D:7:      layout_layer_cave, slow_altar_1, minmay_temple_entry_enclosed_plants,
          ebering_ghost_disaster_area, lemuel_altar_in_water
D:8:      layout_rooms, erik_lair_orcish_takeover, uniq_harold, uniq_pikel,
          uniq_joseph
D:9:      layout_basic, kennysheep_generic_room_4
D:10:     layout_roguey [special_room_bee], gammafunk_ghost_hydra_chop
D:11:     layout_long_grid, hiddenorc1_lemuel, serial_shops,
          nicolae_shop_behind_doors
D:12:     layout_basic, maelrawn_ghost_gauntlet_escape
D:13:     layout_rooms, erik_vaults_2, the_bakery, item_on_display_a
Temple:   nicolae_temple_the_god_donut
Lair:1:   layout_gridlike, st_stairs_7

Skill      XL: |  1  2  3  4  5  6  7  8  9 10 11 |
---------------+----------------------------------+-----
Fighting       | 1 2 3 4 5 7 8 9 |  9.5
Dodging        | 3 4 5 7 8 9 |  9.1
Unarmed Combat | 2 3 4 5 7 8 9 |  9.7
Hexes          | 5 6 7 8 9 10 | 10.3
Stealth        | 5 6 7 8 9 10 | 10.3
Spellcasting   | 3 4 5 6 |  6.5
Conjurations   | 1 |  1.5

Action                   |  1- 3 |  4- 6 |  7- 9 | 10-12 || total
-------------------------+-------+-------+-------+-------++-------
Melee: Unarmed           |   102 |   207 |   297 |   308 ||   914
       Bite              |    12 |    18 |    18 |    32 ||    80
       Punch             |     1 |     2 |     6 |    11 ||    20
 Cast: Corona            |    12 |     3 |     3 |       ||    18
       Ensorcelled Hiber |    28 |    21 |    68 |    62 ||   179
       Confuse           |     4 |    36 |    29 |    46 ||   115
       Dazzling Spray    |       |       |    13 |    17 ||    30
       Tukima's Dance    |       |       |    21 |    17 ||    38
Invok: Lunge             |       |       |    10 |    42 ||    52
       Whirlwind         |       |       |       |    63 ||    63
Evoke: Wand              |       |       |     1 |       ||     1
  Use: Scroll            |     2 |     4 |    11 |     5 ||    22
       Potion            |       |     1 |     1 |       ||     2
 Stab: Sleeping          |    19 |    30 |    59 |    40 ||   148
       Confused          |     2 |    11 |    20 |    25 ||    58
       Invisible         |       |       |     1 |     7 ||     8
       Distracted        |       |       |     2 |       ||     2
  Eat: Chunk             |    14 |    18 |    21 |    13 ||    66
Armor: Skin              |     5 |     3 |    13 |     5 ||    26
Dodge: Dodged            |    79 |   140 |   222 |   194 ||   635
Block: Other             |       |       |    30 |    14 ||    44
       Reflection        |       |       |     2 |       ||     2

Table legend:
 A = Non-vault XP
 B = Vault XP
 C = Vault XP percentage of total XP
 D = Non-vault monster count
 E = Vault monster count
 F = Vault count percentage of total count
                 A         B        C        D         E       F
            +---------+---------+-------+---------+---------+-------
      Total |   14910 |    4139 |  21.7 |     266 |      60 |  18.4
            +---------+---------+-------+---------+---------+-------
        D:1 |      37 |       0 |   0.0 |      23 |       0 |   0.0
        D:2 |     120 |       0 |   0.0 |      25 |       0 |   0.0
        D:3 |     230 |      73 |  24.1 |      22 |       4 |  15.4
        D:4 |     445 |      33 |   6.9 |      21 |      11 |  34.4
        D:5 |     331 |     188 |  36.2 |      14 |       1 |   6.7
        D:6 |    1133 |     193 |  14.6 |      32 |       6 |  15.8
        D:7 |     884 |     712 |  44.6 |      21 |       2 |   8.7
        D:8 |     899 |    2348 |  72.3 |      15 |       9 |  37.5
        D:9 |    2502 |     112 |   4.3 |      31 |       2 |   6.1
       D:10 |     757 |      61 |   7.5 |      10 |       1 |   9.1
       D:11 |    5375 |     184 |   3.3 |      42 |      17 |  28.8
       D:13 |     189 |       0 |   0.0 |       1 |       0 |   0.0
     Lair:1 |    2008 |      90 |   4.3 |       9 |       1 |  10.0
      Sewer |       0 |     145 | 100.0 |       0 |       6 | 100.0
            +---------+---------+-------+---------+---------+-------
